[Event "Titled Tuesday Blitz July 11 Early 2023"]
[White "Girya, Olga"]
[Black "Pranav, V"]
[WhiteFideId "4195752"]
[BlackFideId "25060783"]
[WhiteElo "2576"]
[BlackElo "2938"]
[Result "0-1"]
[Round "4"]
[TimeControl "180+2"]
[Date "2023.07.11"]
[WhiteClock "0:00:02"]
[BlackClock "0:00:37"]
[Board "40"]

1. d4 Nf6 2. Nf3 e6 3. c4 d5 4. Nc3 Be7 5. Bf4 O-O 6. e3 b6 7. Bd3 Bb7 8. O-O Nbd7 9. cxd5 exd5 10. Rc1 a6 11. Ne5 Bd6 12. Nxd7 Qxd7 13. Qf3 Rae8 14. Bxd6 Qxd6 15. Qg3 Qd8 16. Ne2 c6 17. Nf4 g6 18. Qf3 Qd6 19. h3 Re7 20. a3 a5 21. Rc2 Kg7 22. Rfc1 Rfe8 23. Qe2 b5 24. Qf3 a4 25. Rc3 Qd8 26. Bb1 Rc7 27. Nd3 Ne4 28. R3c2 Re6 29. Nc5 Rf6 30. Qd1 Nd6 31. Rc3 Bc8 32. Bd3 h5 33. e4 Nc4 34. Bxc4 dxc4 35. Re3 Rd6 36. Qf3 Rxd4 37. e5 Rd5 38. e6 Rxc5 39. Qf4 Bxe6 40. Rce1 Rf5 41. Qe4 Qf6 0-1


[Site "https://www.chess.com"]

[Event "Titled Tuesday Blitz July 11 Early 2023"]
[White "Prestia, Paris"]
[Black "Chigaev, Maksim"]
[WhiteFideId "30925959"]
[BlackFideId "4108116"]
[WhiteElo "2575"]
[BlackElo "2926"]
[Result "0-1"]
[Round "4"]
[TimeControl "180+2"]
[Date "2023.07.11"]
[WhiteClock "0:00:12"]
[BlackClock "0:00:10"]
[Board "41"]

1. d4 Nf6 2. Bg5 g6 3. Bxf6 exf6 4. e3 d5 5. g3 c6 6. Bg2 h5 7. h4 Bg4 8. Ne2 Bd6 9. Nd2 Nd7 10. O-O O-O 11. c4 dxc4 12. Nxc4 Nb6 13. Nxd6 Qxd6 14. Qc2 Bxe2 15. Qxe2 f5 16. Rac1 Rfe8 17. Rfd1 f4 18. gxf4 Qxf4 19. Qxh5 Rxe3 20. Qg5 Qxg5 21. hxg5 Re2 22. d5 cxd5 23. Bxd5 Rxb2 24. Rc7 Nxd5 25. Rxd5 Rxa2 26. Rdd7 Rf8 27. Rxb7 Ra5 28. f4 Ra4 29. f5 gxf5 30. Rxa7 Rg4+ 31. Kf2 Rxg5 32. Ra1 Kg7 33. Rg1 Rg6 34. Rxg6+ Kxg6 35. Kf3 Ra8 36. Rd1 Kf6 37. Kf4 Ra4+ 38. Kf3 Kg5 39. Rg1+ Rg4 40. Ra1 Rf4+ 41. Kg3 Rb4 42. Ra3 Rh4 43. Ra5 f6 44. Ra8 f4+ 45. Kf3 Rh3+ 46. Kf2 Kf5 47. Rb8 Re3 48. Rc8 Rd3 49. Rb8 Rd5 50. Kf3 Re5 51. Rc8 Re3+ 52. Kf2 Rh3 53. Kg2 Ra3 54. Kf2 Ra1 55. Rb8 Ra2+ 56. Kf3 Ra5 57. Rc8 Re5 58. Rb8 Re3+ 59. Kf2 Rg3 60. Re8 Rh3 61. Kg2 Re3 62. Ra8 f3+ 63. Kf2 Kf4 64. Rf8 Re2+ 65. Kf1 f5 66. Ra8 Rb2 67. Rc8 Rd2 68. Rb8 Rd4 69. Rc8 Ke3 70. Re8+ Re4 71. Ra8 Kf4 72. Kf2 Re2+ 73. Kf1 Rh2 74. Kg1 Rb2 75. Kf1 Rc2 76. Rd8 Kg5 77. Rg8+ Kf4 78. Rd8 Rc4 79. Re8 Kg3 80. Rg8+ Rg4 81. Rf8 f4 82. Rh8 f2 83. Ra8 Rh4 84. Rg8+ Kf3 85. Rh8 Rg4 86. Rh3+ Rg3 87. Rh1 Rg1+ 88. Rxg1 fxg1=Q+ 89. Kxg1 Ke2 90. Kg2 f3+ 91. Kg3 f2 92. Kg4 f1=Q 93. Kg5 Qf7 94. Kg4 Qf6 95. Kg3 Qf5 96. Kg2 Qf4 97. Kg1 Qf3 98. Kh2 Qg4 99. Kh1 Kf2 100. Kh2 Qh4# 0-1


[Site "https://www.chess.com"]

[Event "Titled Tuesday Blitz July 11 Early 2023"]
[White "Vokhidov, Shamsiddin"]
[Black "Borrmann, Laurenz"]
[WhiteFideId "14204223"]
[BlackFideId "312187930"]
[WhiteElo "2925"]
[BlackElo "2575"]
[Result "1/2-1/2"]
[Round "4"]
[TimeControl "180+2"]
[Date "2023.07.11"]
[WhiteClock "0:01:23"]
[BlackClock "0:00:07"]
[Board "42"]

1. d4 Nf6 2. c4 e6 3. Nc3 Bb4 4. Qc2 O-O 5. e4 d5 6. e5 Ne4 7. Bd3 c5 8. Ne2 cxd4 9. Nxd4 Nd7 10. Bf4 Qh4 11. g3 Qh5 12. O-O Bxc3 13. bxc3 g5 14. cxd5 exd5 15. Be3 Nxe5 16. f3 Nc5 17. Bf5 Ne6 18. g4 Qh6 19. Qd2 Nc4 20. Qf2 Nxe3 21. Qxe3 Nxd4 22. Qxd4 Bxf5 23. gxf5 Qd6 24. Rad1 Rfd8 25. c4 Qd7 26. f6 Qf5 27. Rfe1 Rd6 28. cxd5 Rad8 29. Qe5 Qxf6 30. Qxf6 Rxf6 31. Re7 b6 32. Rd3 Rfd6 33. Rxa7 Rxd5 34. Rxd5 Rxd5 35. Kg2 Ra5 36. Rb7 Rxa2+ 37. Kg3 Rb2 38. Kg4 h6 39. h3 Kg7 40. Kg3 Kg6 41. h4 f5 42. hxg5 hxg5 43. Rb8 f4+ 44. Kh3 b5 45. Rg8+ Kf6 46. Rf8+ Kg7 47. Rb8 b4 48. Kg4 Kf6 49. Rb6+ Ke5 50. Kxg5 Rg2+ 51. Kh4 Kd4 52. Rxb4+ Ke3 53. Rb3+ Kf2 54. Ra3 Rg7 55. Rb3 Rg3 56. Rb2+ Kxf3 57. Rb4 Kf2 58. Rxf4+ Rf3 59. Ra4 Re3 60. Kg4 Ke2 61. Kf4 Re7 62. Ra2+ Kd3 63. Ra1 Kc2 64. Kf5 Rf7+ 65. Ke5 Rb7 66. Kd4 Rb4+ 1/2-1/2


[Site "https://www.chess.com"]

[Event "Titled Tuesday Blitz July 11 Early 2023"]
[White "Gordievsky, Dmitry"]
[Black "Dinosaurio_1975"]
[WhiteFideId "24112798"]
[WhiteElo "2898"]
[BlackElo "2570"]
[Result "1-0"]
[Round "4"]
[TimeControl "180+2"]
[Date "2023.07.11"]
[WhiteClock "0:01:20"]
[BlackClock "0:00:07"]
[Board "43"]

1. Nf3 d5 2. g3 e6 3. Bg2 Nf6 4. b3 Be7 5. Bb2 O-O 6. c4 b6 7. O-O Bb7 8. e3 Nbd7 9. Nc3 dxc4 10. bxc4 c5 11. d3 Rc8 12. Qe2 Qc7 13. Ne1 Bxg2 14. Nxg2 Rfd8 15. f4 Nb8 16. g4 Nc6 17. g5 Ne8 18. Ne4 Rd7 19. f5 exf5 20. Rxf5 Nd6 21. Raf1 Nxe4 22. dxe4 Bf8 23. Nf4 Ne7 24. Rxf7 Ng6 25. Nd5 Qd6 26. R7f6 Qb8 27. Qg4 Rd6 28. Rf7 Re8 29. Qf5 Rde6 30. Rxg7+ Bxg7 31. Qf7+ 1-0


[Site "https://www.chess.com"]

[Event "Titled Tuesday Blitz July 11 Early 2023"]
[White "Thecourseoisildur"]
[Black "Antipov, Mikhail Al."]
[BlackFideId "4107012"]
[WhiteElo "2568"]
[BlackElo "2894"]
[Result "0-1"]
[Round "4"]
[TimeControl "180+2"]
[Date "2023.07.11"]
[WhiteClock "0:00:00"]
[BlackClock "0:00:43"]
[Board "44"]

1. e4 c5 2. Nf3 d6 3. d4 cxd4 4. Nxd4 Nf6 5. Nc3 a6 6. Be2 e6 7. Be3 Be7 8. O-O Qc7 9. f4 O-O 10. Qe1 b5 11. a3 Bb7 12. Bd3 Nbd7 13. Nb3 Rfe8 14. Qg3 Rac8 15. Rae1 Qb8 16. Nd4 Bf8 17. Qh3 Rxc3 18. bxc3 Nxe4 19. f5 e5 20. Nf3 f6 21. Bxe4 Bxe4 22. Nh4 Bxc2 23. Rf2 Bb3 24. Rd2 d5 25. Ng6 Bxa3 26. Rd3 hxg6 27. fxg6 Nf8 28. Bh6 Bc2 29. Rd2 Bxg6 30. Qg4 gxh6 0-1


[Site "https://www.chess.com"]

[Event "Titled Tuesday Blitz July 11 Early 2023"]
[White "Grandelius, Nils"]
[Black "Domingo Nunez, Alejandro"]
[WhiteFideId "1710400"]
[BlackFideId "22245561"]
[WhiteElo "2861"]
[BlackElo "2567"]
[Result "1-0"]
[Round "4"]
[TimeControl "180+2"]
[Date "2023.07.11"]
[WhiteClock "0:00:07"]
[BlackClock "0:00:02"]
[Board "45"]

1. c4 g6 2. e4 Bg7 3. d4 d6 4. Nc3 Nd7 5. h4 c5 6. d5 Ngf6 7. Be2 O-O 8. h5 Ne5 9. Nf3 Nxf3+ 10. Bxf3 e6 11. hxg6 fxg6 12. Bg5 Qe7 13. Qd2 Qf7 14. O-O-O exd5 15. cxd5 Nd7 16. Nb5 Ne5 17. Nxd6 Qd7 18. Nxc8 Raxc8 19. d6 c4 20. Qd5+ Rf7 21. Kb1 c3 22. bxc3 Rxc3 23. Rc1 Rd3 24. Qc5 Rxd6 25. Qc8+ Rf8 26. Qxd7 Nxd7 27. Bd1 Be5 28. Bb3+ Kh8 29. f3 a5 30. Rhd1 Rxd1 31. Rxd1 Nc5 32. Be7 Nxb3 33. Bxf8 Nd4 34. Bc5 Ne2 35. Kc2 Nf4 36. g3 Ne6 37. Bf2 Ng5 38. f4 Nxe4 39. fxe5 Nxf2 40. Rd7 Ng4 41. e6 Ne3+ 42. Kd3 Nf5 43. e7 1-0


[Site "https://www.chess.com"]

[Event "Titled Tuesday Blitz July 11 Early 2023"]
[White "Aggelis, Nikolaos"]
[Black "Henriquez Villagra, Cristobal"]
[WhiteFideId "4213220"]
[BlackFideId "3409350"]
[WhiteElo "2567"]
[BlackElo "2856"]
[Result "0-1"]
[Round "4"]
[TimeControl "180+2"]
[Date "2023.07.11"]
[WhiteClock "0:00:20"]
[BlackClock "0:01:33"]
[Board "46"]

1. c4 d6 2. b3 e5 3. Bb2 Nd7 4. g3 f5 5. Bg2 Ngf6 6. e3 Be7 7. Ne2 O-O 8. Nbc3 a6 9. O-O Rb8 10. a4 c6 11. d3 a5 12. Ba3 Re8 13. b4 axb4 14. Bxb4 Nc5 15. d4 Na6 16. Ba3 e4 17. Rb1 Bf8 18. Qb3 Be6 19. d5 Bf7 20. Nd4 g6 21. Rfd1 Nc5 22. Qb6 cxd5 23. cxd5 Nd3 24. Bf1 Rc8 25. Qxd8 Rexd8 26. Ncb5 Bxd5 27. Bxd3 exd3 28. Rxd3 Be4 29. Rbd1 Bxd3 30. Rxd3 Ne4 31. Ne6 Re8 32. Nxf8 Rxf8 33. Nxd6 Rfd8 34. Rd4 Nxd6 35. Bxd6 Rc6 36. Be5 Rxd4 37. Bxd4 Ra6 38. Kf1 Rxa4 39. h4 Kf7 40. Ke2 Ke6 41. Kd3 Kd5 42. Kc3 b5 43. Kb3 Rc4 44. Bc3 Ke4 0-1


[Site "https://www.chess.com"]

[Event "Titled Tuesday Blitz July 11 Early 2023"]
[White "Ambartsumova, Karina"]
[Black "Maksimovic, Bojan"]
[WhiteFideId "4166299"]
[BlackFideId "14408120"]
[WhiteElo "2562"]
[BlackElo "2836"]
[Result "1-0"]
[Round "4"]
[TimeControl "180+2"]
[Date "2023.07.11"]
[WhiteClock "0:00:17"]
[BlackClock "0:00:00"]
[Board "47"]

1. d4 f5 2. Nf3 Nf6 3. g3 d6 4. Bg2 g6 5. O-O Bg7 6. b3 O-O 7. Bb2 a5 8. a4 c6 9. c4 Na6 10. Na3 h6 11. Nc2 g5 12. d5 c5 13. Re1 Qe8 14. Nd2 f4 15. e4 Nd7 16. Bxg7 Kxg7 17. e5 Nxe5 18. Nf3 Bg4 19. Rxe5 dxe5 20. Qe1 Qg6 21. Nxe5 Qxc2 22. Nxg4 Qb2 23. Rb1 Qd4 24. Rd1 Qb2 25. Rb1 Qd4 26. Qxe7+ Rf7 27. Qe6 Rh8 28. Ne5 Rf6 29. Qe7+ Kg8 30. Qxf6 1-0


[Site "https://www.chess.com"]

[Event "Titled Tuesday Blitz July 11 Early 2023"]
[White "Beerdsen, Thomas"]
[Black "Zubarev, Alexander"]
[WhiteFideId "1030108"]
[BlackFideId "14104385"]
[WhiteElo "2829"]
[BlackElo "2559"]
[Result "1-0"]
[Round "4"]
[TimeControl "180+2"]
[Date "2023.07.11"]
[WhiteClock "0:02:36"]
[BlackClock "0:00:00"]
[Board "48"]

1. e4 g6 2. d4 Nf6 3. Nf3 Nxe4 4. h4 h5 5. Bd3 d5 6. Nc3 Nf6 7. Bg5 Bg7 8. Qd2 Bf5 9. O-O-O Ne4 10. Bxe4 dxe4 11. Ng1 Nc6 12. Nge2 Qd7 13. Kb1 O-O-O 14. d5 Ne5 15. Qd4 Kb8 16. Bf4 Qd6 17. Ng3 c5 18. Qa4 Qb6 19. Ngxe4 Ka8 20. Nd2 Qb4 21. Qxb4 cxb4 22. Nb5 Rd7 23. d6 exd6 24. Nb3 Rc8 25. N5d4 Nc4 26. f3 a6 27. Bc1 1-0


[Site "https://www.chess.com"]

[Event "Titled Tuesday Blitz July 11 Early 2023"]
[White "Kantor, Gergely"]
[Black "Horobetz, Graham"]
[WhiteFideId "751499"]
[BlackFideId "2047322"]
[WhiteElo "2806"]
[BlackElo "2553"]
[Result "0-1"]
[Round "4"]
[TimeControl "180+2"]
[Date "2023.07.11"]
[WhiteClock "0:00:00"]
[BlackClock "0:00:11"]
[Board "49"]

1. e4 c5 2. Nf3 d6 3. Bd3 Nc6 4. O-O e5 5. Bb5 Nf6 6. Re1 g5 7. d4 g4 8. d5 a6 9. Bxc6+ bxc6 10. Nfd2 cxd5 11. exd5 h5 12. Nc4 Be7 13. Nc3 Rg8 14. f4 gxf3 15. Qxf3 Rg4 16. Nxe5 dxe5 17. d6 Ra7 18. dxe7 Qxe7 19. h3 Bb7 20. Qe3 Rxg2+ 21. Kf1 Rh2 22. Qxe5 Rh1+ 23. Kf2 Rxe1 24. Qxe1 Qxe1+ 25. Kxe1 Bg2 26. Bg5 Nh7 27. Be3 Re7 28. Kf2 Bxh3 29. Bxc5 Re5 30. Bd4 Rf5+ 31. Kg3 Bg4 32. Re1+ Kd7 33. Re3 Ng5 34. Rd3 Kc6 35. a4 Ne6 36. Bg1 Nf4 37. Rd2 Ng6 38. Be3 Rf3+ 39. Kg2 Rxe3 40. Nd1 Nh4+ 41. Kf2 Rf3+ 42. Kg1 Rh3 43. Rd4 Nf3+ 0-1


[Site "https://www.chess.com"]

[Event "Titled Tuesday Blitz July 11 Early 2023"]
[White "robertoalejandro10"]
[Black "Svane, Frederik"]
[BlackFideId "12923044"]
[WhiteElo "2553"]
[BlackElo "2789"]
[Result "1/2-1/2"]
[Round "4"]
[TimeControl "180+2"]
[Date "2023.07.11"]
[WhiteClock "0:00:02"]
[BlackClock "0:00:11"]
[Board "50"]

1. Nf3 c6 2. b3 d5 3. Bb2 Bg4 4. g3 Nd7 5. Bg2 e6 6. O-O Ngf6 7. c4 Bd6 8. d3 O-O 9. Nbd2 Qe7 10. Rc1 e5 11. cxd5 cxd5 12. h3 Bf5 13. Nh4 Be6 14. e4 Rac8 15. exd5 Nxd5 16. Nc4 Bb8 17. Qe2 f6 18. d4 b5 19. Ne3 Nxe3 20. Qxe3 exd4 21. Bxd4 Rxc1 22. Rxc1 Re8 23. Re1 Qb4 24. Bc3 Qa3 25. Bd5 Be5 26. Bxe6+ Rxe6 27. f4 Qxa2 28. fxe5 Nxe5 29. Bxe5 Rxe5 30. Qf2 Qxb3 31. Rxe5 fxe5 32. Nf5 Qd1+ 33. Kg2 Qd7 34. Ne3 h6 35. Qa2+ Kh8 36. Qd5 Qe8 37. Qe4 a5 38. Nf5 b4 39. Nd6 Qe6 40. Nc4 a4 41. Nxe5 Qa2+ 42. Kf3 Qb3+ 43. Kf4 a3 44. Ng6+ Kg8 45. Qe8+ Kh7 46. Nf8+ Kh8 47. Ne6+ Kh7 48. Nf8+ Kg8 49. Ne6+ Kh7 50. Nf8+ 1/2-1/2


[Site "https://www.chess.com"]

[Event "Titled Tuesday Blitz July 11 Early 2023"]
[White "Zemlyanskii, Ivan"]
[Black "Przybylski, Wojciech"]
[WhiteFideId "24249971"]
[BlackFideId "1117599"]
[WhiteElo "2786"]
[BlackElo "2552"]
[Result "1-0"]
[Round "4"]
[TimeControl "180+2"]
[Date "2023.07.11"]
[WhiteClock "0:00:56"]
[BlackClock "0:00:02"]
[Board "51"]

1. d4 Nf6 2. c4 e6 3. Bf4 Be7 4. Nc3 O-O 5. e4 d6 6. Nf3 Nbd7 7. Be2 h6 8. O-O b6 9. e5 Ne8 10. Qc2 Bb7 11. Rad1 a6 12. Rfe1 Rc8 13. Ne4 d5 14. cxd5 exd5 15. Ng3 c5 16. Nf5 cxd4 17. Qd2 Nc7 18. Nxe7+ Qxe7 19. Nxd4 Nc5 20. Nf5 Qd7 21. Bg4 N7e6 22. Bxh6 Qa4 23. Bxg7 Qf4 24. Bxf8 Kxf8 25. Qxf4 Nxf4 26. Nd6 Rc7 27. Nxb7 Rxb7 28. Bf5 d4 29. Rxd4 Nfe6 30. Bxe6 Nxe6 31. Rd2 Rc7 32. g3 a5 33. f4 a4 34. h4 Rc4 35. Kg2 Rb4 36. Re3 b5 37. Kf3 Nd4+ 38. Rxd4 Rxd4 39. Re2 Rd3+ 40. Kg4 b4 41. Re4 b3 42. Rxa4 bxa2 43. Rxa2 Rb3 44. Ra8+ Kg7 45. h5 Rxb2 46. Ra7 Re2 47. h6+ Kg6 48. Ra6+ Kh7 49. Rf6 Re3 50. Rxf7+ Kxh6 51. Rf6+ Kg7 52. Kh4 Re1 53. g4 Ra1 54. Kg5 Ra7 55. Rg6+ Kf7 56. e6+ Kf8 57. f5 Rh7 58. Kf6 Rf7+ 59. Ke5 Ra7 60. Rf6+ Ke8 61. Rh6 Ra5+ 62. Kf6 Kd8 63. Rh8+ Kc7 64. e7 Ra6+ 65. Kg7 Ra4 66. e8=Q Rxg4+ 67. Kf6 Rd4 68. Qe7+ Kc6 69. Rc8+ Kb5 70. Qc5+ Ka6 71. Ra8+ Kb7 72. Ra7+ Kb8 73. Qc7# 1-0


[Site "https://www.chess.com"]

[Event "Titled Tuesday Blitz July 11 Early 2023"]
[White "Mortazavi, Ali"]
[Black "Kozak, Antoni"]
[WhiteFideId "401323"]
[BlackFideId "21832030"]
[WhiteElo "2549"]
[BlackElo "2782"]
[Result "0-1"]
[Round "4"]
[TimeControl "180+2"]
[Date "2023.07.11"]
[WhiteClock "0:00:04"]
[BlackClock "0:00:15"]
[Board "52"]

1. Nf3 g6 2. g3 Bg7 3. Bg2 e5 4. d3 d5 5. O-O Ne7 6. Nbd2 O-O 7. e4 Nbc6 8. a4 h6 9. a5 a6 10. exd5 Nxd5 11. Nc4 Re8 12. Re1 Bf5 13. Nh4 Be6 14. Nf3 Bf5 15. Nh4 Be6 16. Nf3 Bg4 17. h3 Bf5 18. Nh4 Be6 19. Nf3 f6 20. c3 Qd7 21. Kh2 Bf7 22. Nfd2 Rad8 23. Qb3 Qc8 24. Ne4 Bf8 25. Qc2 f5 26. Ned2 Bg7 27. Nb3 Ndb4 28. cxb4 Nxb4 29. Qe2 Nxd3 30. Nbd2 Nxe1 31. Qxe1 e4 32. Ra3 Qd7 33. h4 Qb5 34. Bf1 Qc5 35. Ne3 Qe7 36. Ng2 c6 37. Nc4 Rd4 38. Nce3 Red8 39. h5 Qf6 40. hxg6 Bxg6 41. Rb3 R4d7 42. Bc4+ Bf7 43. Qe2 Kh7 44. Bxf7 Qxf7 45. Rb4 Rd3 46. Nh4 f4 47. gxf4 Qxf4+ 48. Kh3 Be5 49. f3 Qg3# 0-1


[Site "https://www.chess.com"]

[Event "Titled Tuesday Blitz July 11 Early 2023"]
[White "Leon Oquendo, Jorge"]
[Black "Kushko, Dmitriy"]
[WhiteFideId "3514803"]
[BlackFideId "14162261"]
[WhiteElo "2549"]
[BlackElo "2777"]
[Result "1-0"]
[Round "4"]
[TimeControl "180+2"]
[Date "2023.07.11"]
[WhiteClock "0:00:03"]
[BlackClock "0:00:00"]
[Board "53"]

1. d4 g6 2. c4 Bg7 3. e4 d6 4. Nc3 e5 5. d5 a5 6. h4 h5 7. g3 Na6 8. Bh3 Nc5 9. Bxc8 Qxc8 10. Be3 b6 11. Nf3 Bh6 12. Bxc5 bxc5 13. Qa4+ Qd7 14. Qxd7+ Kxd7 15. b3 f5 16. Ng5 Nf6 17. Nf7 Rh7 18. Nxh6 Rxh6 19. f3 Rf8 20. Ke2 Rh7 21. Raf1 Rhf7 22. Rf2 Kd8 23. Rhf1 Nd7 24. Nd1 Nb6 25. Nc3 Kd7 26. f4 Ke7 27. fxe5 dxe5 28. Ke3 Nc8 29. Nb5 Kd7 30. exf5 gxf5 31. Kd2 Nd6 32. Nc3 Rg7 33. Rf3 Rfg8 34. Ne2 a4 35. Rxf5 Nxf5 36. Rxf5 axb3 37. axb3 Rb8 38. Kc2 Ra8 39. Rxh5 Rf7 40. Rxe5 Ra2+ 41. Kd3 Rf1 42. h5 Rd1+ 43. Ke3 Rh1 44. Kf3 Rb2 45. g4 Rxb3+ 46. Re3 Rxe3+ 47. Kxe3 Ke7 48. Kf4 Rf1+ 49. Kg5 Kf7 50. h6 Re1 51. Ng3 Rc1 52. Nf5 1-0


[Site "https://www.chess.com"]

[Event "Titled Tuesday Blitz July 11 Early 2023"]
[White "Goltsev, Dmitry"]
[Black "Jaskolka, Tomasz"]
[WhiteFideId "24176710"]
[BlackFideId "1170791"]
[WhiteElo "2769"]
[BlackElo "2549"]
[Result "1-0"]
[Round "4"]
[TimeControl "180+2"]
[Date "2023.07.11"]
[WhiteClock "0:00:26"]
[BlackClock "0:00:15"]
[Board "54"]

1. e4 d5 2. exd5 Nf6 3. Nf3 Bg4 4. d4 Qxd5 5. Nc3 Bxf3 6. Nxd5 Bxd1 7. Nxf6+ exf6 8. Kxd1 Bd6 9. c3 O-O 10. Bd3 c5 11. Be3 cxd4 12. Bxd4 Nc6 13. Be3 Rac8 14. Ke2 a6 15. Rhd1 Be5 16. Be4 Rfd8 17. Bb6 Re8 18. Kf1 Bxc3 19. Bf5 Bxb2 20. Rab1 Be5 21. Bxc8 Rxc8 22. Rd7 Rb8 23. Bc7 Bxc7 24. Rxc7 Nd8 25. Rb6 f5 26. a4 g6 27. a5 Kf8 28. g3 Ke8 29. Kg2 Kf8 30. Kf3 Ke8 31. h4 Kf8 32. h5 Ke8 33. h6 Kf8 34. Kg2 Ke8 35. f4 Kf8 36. Kf2 Ke8 37. Ke2 Kf8 38. Kd3 Ne6 39. Rc1 Rd8+ 40. Ke3 Rd7 41. Rc8+ Ke7 42. Rh8 Nf8 43. Kf3 Rc7 44. Rb2 Rc3+ 45. Kg2 Rc6 46. Rxb7+ Ke6 47. Rxf8 Rc2+ 48. Kh3 Rc1 49. Rfxf7 g5 50. Rxh7 g4+ 51. Kh4 Ra1 52. Kg5 Rxa5 53. Rhg7 Ra1 54. h7 Rh1 55. Rb8 a5 56. h8=Q Rxh8 57. Rxh8 a4 58. Ra8 a3 59. Rb7 Kd5 60. Rxa3 Ke4 61. Ra5 Kf3 62. Rb3+ Kg2 63. Kxf5 Kh3 64. Kg5 Kg2 65. Kxg4 Kf2 66. Ra2+ Ke1 67. Rb1# 1-0


[Site "https://www.chess.com"]

[Event "Titled Tuesday Blitz July 11 Early 2023"]
[White "Schmakel, Sam"]
[Black "Andreev, Konstantin"]
[WhiteFideId "2039311"]
[BlackFideId "24239305"]
[WhiteElo "2762"]
[BlackElo "2581"]
[Result "1-0"]
[Round "4"]
[TimeControl "180+2"]
[Date "2023.07.11"]
[WhiteClock "0:00:02"]
[BlackClock "0:00:00"]
[Board "55"]

1. Nf3 Nf6 2. g3 b5 3. Bg2 Bb7 4. O-O e6 5. b3 Be7 6. Bb2 c5 7. d4 O-O 8. dxc5 Bxc5 9. Nbd2 d5 10. c4 bxc4 11. bxc4 Nbd7 12. Rc1 Rc8 13. cxd5 Bxd5 14. Nb3 Bb6 15. Qd3 Qe7 16. Qa6 Nc5 17. Nxc5 Bxc5 18. Bd4 Bb7 19. Bxc5 Rxc5 20. Qxa7 Rxc1 21. Rxc1 Ra8 22. Qb6 Nd5 23. Qb2 Kf8 24. Nd4 Qa3 25. Qxa3+ Rxa3 26. Rb1 Ba6 27. Rb8+ Ke7 28. Ra8 Nc7 29. Ra7 Kd6 30. Nc2 Rxa2 31. Nb4 Ra4 32. Nxa6 Rxa6 33. Rb7 Ra1+ 34. Bf1 Kc6 35. Rb3 Nd5 36. e3 Kd6 37. Kg2 Ke5 38. Rb7 Kf6 39. Bc4 Ra5 40. h4 h6 41. Kf3 e5 42. Ke4 Nc3+ 43. Kd3 Nd5 44. Rd7 Nb4+ 45. Kc3 1-0


[Site "https://www.chess.com"]

[Event "Titled Tuesday Blitz July 11 Early 2023"]
[White "Malyi, Viacheslav"]
[Black "Mahdavi, Reza"]
[WhiteFideId "14123983"]
[BlackFideId "12595926"]
[WhiteElo "2545"]
[BlackElo "2741"]
[Result "0-1"]
[Round "4"]
[TimeControl "180+2"]
[Date "2023.07.11"]
[WhiteClock "0:00:00"]
[BlackClock "0:00:39"]
[Board "56"]

1. e4 c5 2. Nf3 d6 3. d4 cxd4 4. Nxd4 Nf6 5. Nc3 a6 6. Rg1 b5 7. g4 Bb7 8. Bg2 g6 9. g5 Nfd7 10. Be3 Bg7 11. Qd2 Ne5 12. b3 Ng4 13. O-O-O Nxe3 14. Qxe3 Nd7 15. f4 Rc8 16. Nd5 Bxd5 17. exd5 Qa5 18. Kb1 Qa3 19. c3 Qc5 20. Rd3 Bxd4 21. Qxd4 Qxd4 22. cxd4 Nb6 23. Rc1 Rxc1+ 24. Kxc1 Kd7 25. Rc3 Rc8 26. Bh3+ e6 27. dxe6+ fxe6 28. Rxc8 Nxc8 29. d5 Ke7 30. Bxe6 Nb6 31. Kd2 Na8 32. f5 gxf5 33. Bxf5 Nc7 34. Be4 Kf7 35. Kc3 a5 36. h4 Kg7 37. Kd4 Na6 38. Bf5 Nc5 39. Kc3 Na6 40. a3 Nc7 41. Kd4 h6 42. Ke4 hxg5 43. hxg5 Na6 44. Kd4 Nc5 45. b4 axb4 46. axb4 Na6 47. Kc3 Nc7 48. Kd4 Na6 49. Kc3 Nc7 50. Be4 Kf7 51. Kd4 Kg7 52. Bd3 Kf7 53. g6+ Kf6 54. Be4 Na6 55. Bd3 Nxb4 56. Bxb5 Kxg6 57. Bc6 Kf5 58. Bd7+ Kf4 59. Bc6 Nc2+ 60. Kd3 Ne3 61. Kd4 Nf5+ 62. Kc4 Ke4 63. Bb7 Ne3+ 64. Kc3 Ke5 65. Bc6 Nf5 66. Kd3 Nd4 67. Bb7 Nb3 68. Kc4 Na5+ 69. Kb5 Nxb7 70. Kc6 Nc5 71. Kb5 Kxd5 0-1


[Site "https://www.chess.com"]

[Event "Titled Tuesday Blitz July 11 Early 2023"]
[White "Papasimakopoulos, Alexandros"]
[Black "Rottenwohrer Suarez, Juan"]
[WhiteFideId "4244125"]
[BlackFideId "32068182"]
[WhiteElo "2734"]
[BlackElo "2542"]
[Result "0-1"]
[Round "4"]
[TimeControl "180+2"]
[Date "2023.07.11"]
[WhiteClock "0:00:03"]
[BlackClock "0:00:10"]
[Board "57"]

1. d4 Nf6 2. c4 g6 3. Nc3 Bg7 4. Bg5 c5 5. d5 h6 6. Bf4 d6 7. h3 a6 8. a4 O-O 9. Nf3 Qa5 10. Nd2 Nh5 11. Bh2 Nd7 12. e3 Qb4 13. Qc2 Nhf6 14. a5 b5 15. axb6 Nxb6 16. Be2 a5 17. O-O a4 18. Ra3 Bd7 19. Rfa1 Rfb8 20. R1a2 Ne8 21. Bd3 Kh7 22. h4 h5 23. Bf4 Nf6 24. f3 Rb7 25. Kh2 Rab8 26. Nd1 Nc8 27. Nc3 e5 28. dxe6 Bxe6 29. Rxa4 Qb6 30. Ra6 Qd8 31. Nb5 Rb6 32. Rxb6 Qxb6 33. b3 Rb7 34. Ra8 d5 35. Kh1 Ne7 36. Bg5 Rd7 37. e4 dxe4 38. Nxe4 Nxe4 39. Bxe4 Nf5 40. Bxf5 Bxf5 41. Qe2 Be6 42. Qe4 Rd1+ 43. Kh2 Rd7 44. Bf4 Qb7 45. Rb8 Qxe4 46. fxe4 Rd3 47. Bd6 Rxb3 48. Bxc5 Bxc4 49. Rb7 Rxb5 50. Rxb5 Bxb5 51. Kg3 Bc4 52. Kf4 Be6 53. g3 Kg8 54. Kf3 Bh6 55. Bd6 Bf8 56. Bc7 Be7 57. Kf4 Kf8 58. Bb8 Ke8 59. e5 Kd7 60. Ba7 Kc6 61. Ke4 Bf5+ 62. Kd4 Be6 63. Bb8 Bd8 64. Bd6 Bb6+ 65. Ke4 Bf5+ 66. Kf4 Kd5 67. Be7 Bd4 68. Bf6 Be6 69. Bg7 Bb2 70. Bf6 Bc1+ 71. Kf3 Kd4 72. Ke2 Ke4 73. Kf2 Bb2 74. Ke2 Bxe5 0-1


[Site "https://www.chess.com"]

[Event "Titled Tuesday Blitz July 11 Early 2023"]
[White "Shturman, Arseniy"]
[Black "Gunina, Valentina"]
[WhiteFideId "34275797"]
[BlackFideId "4167570"]
[WhiteElo "2537"]
[BlackElo "2734"]
[Result "0-1"]
[Round "4"]
[TimeControl "180+2"]
[Date "2023.07.11"]
[WhiteClock "0:00:09"]
[BlackClock "0:01:37"]
[Board "58"]

1. e4 c6 2. d4 d5 3. e5 c5 4. Nf3 cxd4 5. Nxd4 Nc6 6. Nxc6 bxc6 7. Nd2 e6 8. Nf3 Bc5 9. Bd3 Ne7 10. Qe2 Qb6 11. O-O Ng6 12. c3 O-O 13. h4 f5 14. exf6 gxf6 15. h5 Ne7 16. Bh6 Rf7 17. b4 Bd6 18. Be3 Qc7 19. Bc5 e5 20. Bxd6 Qxd6 21. Nd2 a5 22. a3 e4 23. Bc2 Rg7 24. Kh1 Bg4 25. f3 Bxh5 26. g4 exf3 27. Qxf3 Bxg4 28. Qxf6 Qg3 29. Qh6 Bh3 30. Qxg7+ Qxg7 31. Rg1 Ng6 32. Rg3 Be6 33. Rag1 Bf7 34. Nf3 Qxc3 35. Bxg6 hxg6 36. Nh4 Qd4 37. Nxg6 Qe4+ 38. Kh2 Bxg6 39. Rxg6+ Kf7 40. Rg7+ Kf6 41. R7g4 Rh8+ 42. Kg3 Qe3+ 43. Kg2 Qe2+ 44. Kg3 Qh2+ 45. Kf3 Rh3+ 46. R4g3 Rxg3+ 47. Rxg3 axb4 48. axb4 Kf5 49. Rg2 Qf4+ 50. Ke2 Qxb4 51. Rf2+ Ke4 52. Kf1 d4 53. Re2+ Kd5 0-1


[Site "https://www.chess.com"]

[Event "Titled Tuesday Blitz July 11 Early 2023"]
[White "Weetik, Vjacheslav"]
[Black "Berezin, Viktor"]
[WhiteFideId "4153472"]
[BlackFideId "14107872"]
[WhiteElo "2717"]
[BlackElo "2537"]
[Result "1-0"]
[Round "4"]
[TimeControl "180+2"]
[Date "2023.07.11"]
[WhiteClock "0:00:08"]
[BlackClock "0:00:00"]
[Board "59"]

1. d4 Nf6 2. c4 g6 3. Nc3 Bg7 4. e4 d6 5. Nf3 O-O 6. Be2 e5 7. O-O Na6 8. Be3 Qe8 9. dxe5 dxe5 10. h3 Nh5 11. Re1 c6 12. Qa4 Nf4 13. Bf1 Ne6 14. Rad1 Qe7 15. a3 h6 16. b4 f5 17. Bc1 f4 18. Kh1 g5 19. c5 Nac7 20. Nd5 cxd5 21. exd5 Nxd5 22. Rxd5 Nc7 23. Rdxe5 Bxe5 24. Nxe5 Bf5 25. Bb2 Ne6 26. Qb3 Kh7 27. Bd3 Rad8 28. Bxf5+ Rxf5 29. c6 Nd4 30. Qd3 Qe6 31. Bxd4 bxc6 32. Nf3 Qd5 33. Re5 Qxe5 34. Nxe5 1-0


[Site "https://www.chess.com"]